 Dungeon Crawl Stone Soup version 0.31-a0-819-gf6de2f5ab6 (webtiles) character file.

Game seed: 16382873768821854597

361 miscthings the Cleaver (level 6, -10/44 HPs)
             Began as a Gnoll Wanderer on Sept 24, 2023.
             Mangled by a sleepcap (20 damage)
             ... on level 4 of the Dungeon.
             The game lasted 00:06:29 (2003 turns).

miscthings the Cleaver (Gnoll Wanderer)             Turns: 2003, Time: 00:06:29

Health: -10/44     AC:  6    Str: 15    XL:     6   Next: 66%
Magic:  9/9        EV:  2    Int: 13    God:
Gold:   164        SH:  0    Dex: 11    Spells: 9/9 levels left

rFire   + . .        e - +2 dagger of Welfare {venom, rF+ Int+3}
rCold   . . .        (no shield)
rNeg    . . .        j - +0 ring mail
rPois   .            (no helmet)
rElec   .            (no cloak)
rCorr   .            (no gloves)
SInv    .            (no boots)
Will    .....        (no amulet)
Stlth   +            (no ring)
HPRegen 0.27/turn    (no ring)
MPRegen 0.11/turn

%: no passive effects
@: sleeping
A: fangs 1, strong nose, distributed training
a: no special abilities


You were on level 4 of the Dungeon.
You visited 1 branch of the dungeon, and saw 4 of its levels.

You collected 164 gold pieces.

Inventory:

Hand Weapons
 e - the +2 dagger of Welfare (weapon) {venom, rF+ Int+3}
   (You found it on level 2 of the Dungeon)

   Int+3:     It affects your intelligence (+3).
   rF+:       It protects you from fire.
 q - a +0 hand axe
 w - a +2 sling
Missiles
 c - 9 boomerangs
 h - 2 curare-tipped darts (quivered)
 n - 2 throwing nets
Armour
 j - a +0 ring mail (worn)
Talismans
 b - a talisman of death
Scrolls
 a - a scroll of revelation {unknown}
 d - a scroll of immolation {unknown}
 f - a scroll of amnesia {unknown}
 g - a scroll of fog
 i - 3 scrolls of identify {@r1}
 k - a scroll of poison
 l - a scroll of silence
 m - 2 scrolls of blinking


   Skills:
 + Level 2.1 Fighting
 + Level 2.1 Short Blades
 + Level 2.1 Long Blades
 + Level 8.8 Axes
 + Level 2.1 Maces & Flails
 + Level 2.1 Polearms
 + Level 2.1 Staves
 + Level 6.9 Ranged Weapons
 + Level 3.3 Throwing
 + Level 5.0 Armour
 + Level 2.1 Dodging
 + Level 2.1 Stealth
 + Level 2.1 Shields
 + Level 2.1 Unarmed Combat
 + Level 2.1 Spellcasting
 + Level 1.6 Conjurations
 + Level 1.6 Hexes
 + Level 1.6 Summonings
 + Level 1.6 Necromancy
 + Level 1.6 Translocations
 + Level 1.6 Transmutations
 + Level 1.6 Fire Magic
 + Level 1.6 Ice Magic
 + Level 1.6 Air Magic
 + Level 1.6 Earth Magic
 + Level 1.6 Poison Magic
 + Level 2.3 Invocations
 + Level 2.1 Evocations
 + Level 1.9 Shapeshifting


You had 9 spell levels left.
You didn't know any spells.
Your spell library contained the following spells:

 Spells                   Type           Power      Damage    Failure   Level
 Foxfire                  Conj/Fire      20%        2x1d5     24%         1
 Ensorcelled Hibernation  Hex/Ice        10%        N/A       34%         2
 Jinxbite                 Hex            10%        N/A       34%         2
 Anguish                  Hex/Necr       2%         N/A       93%         4
 Plasma Beam              Fire/Air       2%         2x1d12    100%        6
 Starburst                Conj/Fire      2%         6d3       100%        6


Dungeon Overview and Level Annotations

Branches:
Dungeon (4/15)
 Temple: D:4-7

Altars:


Innate Abilities, Weirdness & Mutations

You have very sharp teeth.
Your uncanny sense of smell can sniff out nearby items.
Your experience applies equally to all skills.


Message History

The hobgoblin is severely wounded.
The hobgoblin closely misses you.
You hit the hobgoblin.
You kill the hobgoblin!
The sleepcap barely misses you.
You see here the amulet "Hibow" {RegenMP Fragile Str+5 SInv}.
You hit the sleepcap but do no damage.
The sleepcap is poisoned.
You bite the sleepcap, but do no damage.
The sleepcap releases spores at you but does no damage.
You hit the sleepcap.
The sleepcap is lightly damaged.
The sleepcap releases spores at you.
You are engulfed in a cloud of soporific spores!
You fall asleep.
The sleepcap releases spores at you!
You wake up.
You are engulfed in a cloud of soporific spores!
You are unaffected.
The worm bites you!
* * * LOW HITPOINT WARNING * * *
Unknown command.
You hit the sleepcap but do no damage.
The sleepcap looks as sick as possible!
The sleepcap is lightly damaged.
The sleepcap closely misses you.
You hit the sleepcap but do no damage.
The sleepcap is moderately damaged.
The sleepcap barely misses you.
You aren't carrying any potions.
You hit the sleepcap.
The sleepcap is heavily damaged.
The sleepcap releases spores at you.
* * * LOW HITPOINT WARNING * * *
You hit the sleepcap but do no damage.
You bite the sleepcap, but do no damage.
The sleepcap is heavily damaged.
The sleepcap releases spores at you.
* * * LOW HITPOINT WARNING * * *
You are engulfed in a cloud of soporific spores!
You fall asleep.
The sleepcap barely misses you. The sleepcap releases spores at you!!
You die...

##.##
#..##. #..#
#.#..###
####)##
#~#### #
#.....# ##
# #.....##
# #
#......# ..
#......####
...
######....#
.... ####@#
..f..
#f##...<.!
#w....#
#####...#
... . ∆


You could see a sleepcap (very poisoned) and a worm.

Vanquished Creatures
  An ogre (D:4)
  A scorpion (D:4)
  A hound (D:4)
  An iguana (D:2)
  4 gnolls (D:4)
  3 adders
  3 worms
  A dart slug (D:4)
  6 orcs
  3 endoplasms
  2 giant cockroaches
  8 hobgoblins
  5 jackals
  3 quokkas
  4 ball pythons
  7 bats
  A frilled lizard (D:1)
  11 goblins
  10 kobolds
  2 rats
77 creatures vanquished.

Notes
Turn   | Place    | Note
-------+----------+-------------------------------------------
     0 | D:1      | miscthings the Gnoll Wanderer began the quest for the Orb.
     0 | D:1      | miscthings set off with the following items: a +2 sling, a
                  | +0 hand axe, 9 boomerangs, a +0 dagger, a scroll of
                  | blinking, a +0 leather armour.
     0 | D:1      | Reached XP level 1. HP: 13/13 MP: 1/1
   173 | D:1      | Reached XP level 2. HP: 19/19 MP: 2/2
   427 | D:1      | Reached XP level 3. HP: 25/25 MP: 3/3
   620 | D:2      | Reached skill level 1 in Fighting
   620 | D:2      | Reached skill level 1 in Short Blades
   620 | D:2      | Reached skill level 1 in Long Blades
   620 | D:2      | Reached skill level 1 in Maces & Flails
   620 | D:2      | Reached skill level 1 in Polearms
   620 | D:2      | Reached skill level 1 in Staves
   620 | D:2      | Reached skill level 1 in Dodging
   620 | D:2      | Reached skill level 1 in Stealth
   620 | D:2      | Reached skill level 1 in Shields
   620 | D:2      | Reached skill level 1 in Unarmed Combat
   620 | D:2      | Reached skill level 1 in Spellcasting
   620 | D:2      | Reached skill level 1 in Invocations
   620 | D:2      | Reached skill level 1 in Evocations
   628 | D:2      | Reached XP level 4. HP: 26/32 MP: 5/5
   654 | D:2      | Identified the +2 dagger of Welfare {venom, rF+ Int+3}
   667 | D:2      | Reached skill level 1 in Shapeshifting
   705 | D:2      | Found a faded altar of an unknown god.
   853 | D:2      | Reached skill level 1 in Conjurations
   853 | D:2      | Reached skill level 1 in Hexes
   853 | D:2      | Reached skill level 1 in Summonings
   853 | D:2      | Reached skill level 1 in Necromancy
   853 | D:2      | Reached skill level 1 in Translocations
   853 | D:2      | Reached skill level 1 in Transmutations
   853 | D:2      | Reached skill level 1 in Fire Magic
   853 | D:2      | Reached skill level 1 in Ice Magic
   853 | D:2      | Reached skill level 1 in Air Magic
   853 | D:2      | Reached skill level 1 in Earth Magic
   853 | D:2      | Reached skill level 1 in Poison Magic
  1274 | D:3      | Reached XP level 5. HP: 20/37 MP: 5/7
  1471 | D:4      | HP: 1/37 [gnoll/+0 halberd (10)]
  1812 | D:4      | Reached XP level 6. HP: 29/44 MP: 8/8
  1962 | D:4      | Reached skill level 5 in Armour
  1983 | D:4      | Identified the amulet "Hibow" {RegenMP Fragile Str+5 SInv}
  2003 | D:4      | Mangled by a sleepcap

Illustrated notes

Levels and vault maps discovered:
D:1:      dpeg_arrival_arbitrary_b, layout_basic
D:2:      layout_rooms, nicolae_ecumenical_oubliette
D:3:      layout_loops_cross
D:4:      layout_rooms, serial_aquarium, aquarium_bridge_straight
          [aquarium_subvault_bridge, aquarium_subvault_wall,
          aquarium_subvault_bridge, aquarium_subvault_window],
          aquarium_window_1, aquarium_window_corridor_3, aquarium_window_fake,
          aquarium_window_corner, aquarium_view_2g

Skill      XL: |  1  2  3  4  5  6 |
---------------+-------------------+-----
Fighting       | 1 2 |  2.1
Short Blades   | 1 2 |  2.1
Long Blades    | 1 2 |  2.1
Maces & Flails | 1 2 |  2.1
Polearms       | 1 2 |  2.1
Staves         | 1 2 |  2.1
Dodging        | 1 2 |  2.1
Stealth        | 1 2 |  2.1
Shields        | 1 2 |  2.1
Unarmed Combat | 1 2 |  2.1
Spellcasting   | 1 2 |  2.1
Invocations    | 1 2 |  2.3
Evocations     | 1 2 |  2.1
Shapeshifting  | 1 |  1.9
Conjurations   | 1 |  1.6
Hexes          | 1 |  1.6
Summonings     | 1 |  1.6
Necromancy     | 1 |  1.6
Translocations | 1 |  1.6
Transmutations | 1 |  1.6
Fire Magic     | 1 |  1.6
Ice Magic      | 1 |  1.6
Air Magic      | 1 |  1.6
Earth Magic    | 1 |  1.6
Poison Magic   | 1 |  1.6
Throwing       | 3 |  3.3
Armour         | 5 |  5.0
Axes           | |  8.8
Ranged Weapons | |  6.9

Action                     |  1- 3 |  4- 6 || total
---------------------------+-------+-------++-------
  Melee: Hand axe          |    16 |    11 ||    27
         Bite              |     2 |    20 ||    22
         Punch             |     1 |     5 ||     6
         Dagger            |       |   178 ||   178
   Fire: Sling             |    73 |     6 ||    79
  Throw: Dart              |       |     1 ||     1
    Use: Scroll            |       |     5 ||     5
   Stab: Sleeping          |       |     1 ||     1
 Armour: Ring mail         |    30 |    93 ||   123
         Leather armour    |     1 |       ||     1
  Dodge: Dodged            |    24 |    92 ||   116

Table legend: (Time is in decaauts)
 A = Elapsed time spent in this place.
 B = Non-inter-level travel time spent in this place.
 C = Inter-level travel time spent in this place.
 D = Time resting spent in this place.
 E = Time spent auto-exploring this place.
 F = Levels seen in this place.
 G = Mean time per level.
                   A        B        C        D        E       F      G
               +--------+--------+--------+--------+--------+-----+--------+
         Total |   1995 |   1912 |     83 |    134 |   1197 |   4 |  498.8 |
       Dungeon |   1995 |   1912 |     83 |    134 |   1197 |   4 |  498.8 |
               +--------+--------+--------+--------+--------+-----+--------+

Top non-repeatable levels by time:
     D:1: 597 daAuts
     D:4: 542 daAuts
     D:3: 464 daAuts
     D:2: 391 daAuts
